 Dungeon Crawl Stone Soup version 0.28.0-47-ge53b351184 (webtiles) character file.

Game seed: 3628381082282248817

1913 Hrothgar the Sneak (level 8, -5/66 HPs)
             Began as a White Draconian Brigand on May 2, 2022.
             Was a Priest of Vehumet.
             Slain by an orc warrior
             ... wielding a +0 glaive
              (21 damage)
             ... on level 6 of the Dungeon on May 3, 2022.
             The game lasted 00:43:14 (6492 turns).

Hrothgar the Sneak (White Draconian Brigand)        Turns: 6492, Time: 00:43:15

Health: -5/66      AC:  9    Str: 13    XL:     8   Next: 95%
Magic:  13/13      EV: 13    Int: 13    God:    Vehumet [***...]
Gold:   265        SH:  0    Dex: 14    Spells: 2/13 levels left

rFire   . . .      SeeInvis .   u - +8 mithril axe "Arga" {speed, Will+}
rCold   + . .      Faith    .   (no shield)
rNeg    . . .      Spirit   .   (armour unavailable)
rPois   .          Reflect  .   (helmet restricted)
rElec   .          Harm     .   m - +2 cloak
rCorr   .          Rampage  .   (no gloves)
Will    +....                   (no boots)
Stlth   +++.......              f - amulet of magic regeneration
HPRegen 0.21/turn               (no ring)
MPRegen 0.53/turn               (no ring)

@: no status effects
A: breathe frost, AC +6, unfitting armour, cold resistance 1, cold-blooded
a: Breathe Frost, Renounce Religion


You were on level 6 of the Dungeon.
You worshipped Vehumet.
Vehumet was most pleased with you.
You visited 1 branch of the dungeon, and saw 6 of its levels.

You collected 265 gold pieces.

Inventory:

Hand Weapons
 a - a +2 dagger
 u - the +8 mithril axe "Arga" (weapon) {speed, Will+}
   (You took it off an orc on level 5 of the Dungeon)

   Attacks with this weapon are significantly faster.
   Will:      It increases your willpower.
Missiles
 c - a boomerang
 d - 2 curare-tipped darts
 x - 3 poisoned darts (quivered)
Armour
 g - a scarf of repulsion
 m - a +2 cloak (worn)
Jewellery
 f - an amulet of magic regeneration (around neck)
Wands
 h - a wand of charming (6)
Scrolls
 j - a scroll of noise {unknown}
 n - 2 scrolls of enchant weapon {unknown}
 p - 3 scrolls of blinking {unknown}
 r - a scroll of fog
 s - a scroll of teleportation
 t - a scroll of amnesia {unknown}
 v - a scroll of enchant armour {unknown}
Potions
 b - 3 potions of curing {unknown}
 e - a potion of brilliance
 i - 2 potions of flight {unknown}
 k - 3 potions of magic {unknown}
 l - a potion of cancellation {unknown}
 o - 2 potions of ambrosia {unknown}
 q - a potion of degeneration {unknown}
 w - a potion of haste {unknown}
 z - a potion of resistance {unknown}


   Skills:
 * Level 4.0 Fighting
 * Level 4.0 Short Blades
 * Level 3.1 Axes
 * Level 4.1 Throwing
 * Level 3.1 Dodging
 * Level 5.7 Stealth
 * Level 3.3 Spellcasting
 * Level 3.1 Conjurations
 * Level 2.2 Necromancy
 * Level 2.4 Fire Magic
 * Level 2.2 Air Magic


You had 2 spell levels left.
You knew the following spells:

 Your Spells              Type           Power      Damage    Failure   Level
a - Foxfire               Conj/Fire      36%        2x1d5     1%          1
b - Searing Ray           Conj           20%        2d5       2%          2
c - Static Discharge      Conj/Air       9%         N/A       3%          2
d - Corpse Rot            Necr/Air       16%        N/A       13%         2
e - Dispel Undead         Necr           8%         3d8       65%         4

Your spell library contained the following spells:

 Spells                   Type           Power      Damage    Failure   Level
 Iskenderun's Mystic Bla  Conj/Tloc      6%         2d4       28%         4
 Poisonous Vapours        Pois/Air       10%        N/A       6%          2
 Gell's Gravitas          Tloc           2%         N/A       54%         3
 Lesser Beckoning         Tloc           2%         N/A       54%         3
 Teleport Other           Tloc           2%         N/A       54%         3
 Death Channel            Necr           4%         N/A       100%        6


Dungeon Overview and Level Annotations

Branches:
Dungeon (6/15)
 Temple: D:4-7

Altars:
Cheibriados
Dithmenos
Makhleb
Qazlal
Sif Muna
Vehumet
Wu Jian
Zin
The Shining One

Shops:
D:1 :


Innate Abilities, Weirdness & Mutations

You can breathe waves of freezing cold which knock back foes.
Your icy white scales are hard. (AC +6)
You cannot fit into any form of body armour.
Your flesh is cold resistant. (rC+)
You are cold-blooded and may be slowed by cold attacks.


Message History

A hound comes into view.
Aiming: Charm
Press: ? - help, Shift-Dir - straight line, f - orc, p - orc
Aim: an orc, wielding a +0 hand axe and wearing a +0 leather armour (chance to affect: 66%)
The orc is charmed.
The hound barks!
The orc closely misses your orc. What are your orders? t - Shout!
Orders for allies: a - Attack new target. p - Attack previous target. r - Retreat! s - Stop attacking. g - Guard the area. f - Follow me.
Anything else - Cancel.
Gang up on whom?
Press: ? - help, Dir - move target, f - orc, p - orc
Aim: an orc, wielding a +0 whip (lightly wounded, very poisoned) Attack!
The orc warrior hits you from afar with a +0 glaive!!
Your orc barely misses the orc.
The orc barely misses you.
Unknown command.
The orc warrior hits you from afar with a +0 glaive!
Your orc hits the orc with a +0 hand axe.
The orc dies!
Vehumet accepts your kill.
Unknown command.
What are your orders? t - Shout!
Orders for allies: a - Attack new target. r - Retreat! s - Stop attacking. g - Guard the area. f - Follow me.
Anything else - Cancel.
Gang up on whom?
Press: ? - help, Dir - move target, f - orc warrior
Aim: an orc warrior, wielding a +0 glaive and wearing a +0 plate armour Attack!
The orc warrior hits you from afar with a +0 glaive!
* * * LOW HITPOINT WARNING * * *
The orc priest begins to cast a cantrip, but forgets the words!
The orc warrior hits you from afar with a +0 glaive!!
You die...

#### ##.## ##.##### . ...#
#.## ##....#.. ##.# ##.##
##........ .#.#
##.###...##.### .#.#
##.#.#..##.###. ...#
##...#......... .###
#.###.#.######. #
.#########.# #.#.# ..#
........##.###.#@####.....
.######.##....##.ooWo.....
....###.##.########oh.....
.<.........# ......>
....###.#### o...... ..###
#.# #...... .## #.####
#..... .######....# #.W.#
........##.# #'##


You could see an orc warrior (ally target), a phantom, a hound, an orc priest,
an orc and a friendly orc (charmed).

Vanquished Creatures
  Pikel (D:6)
  Maggie (D:6)
  Grinder (D:6)
  A steam dragon (D:6)
  A water moccasin (D:6)
  A centaur (D:6)
  4 lemures (D:6)
  A phantom (D:5)
  A water moccasin skeleton (D:5)
  3 howler monkeys (D:5)
  A centaur zombie (D:5)
  3 hounds
  A centaur skeleton (D:4)
  An orc priest (D:3)
  An iguana (D:5)
  2 orc wizards
  7 adders
  A howler monkey skeleton (D:5)
  An ufetubus (D:6)
  A worm (D:2)
  25 orcs
  10 endoplasms
  4 giant cockroaches
  8 goblins
  8 hobgoblins
  8 jackals
  6 kobolds
  4 quokkas
  6 ball pythons
  8 bats
  A frilled lizard (D:2)
  4 rats
126 creatures vanquished.

Vanquished Creatures (collateral kills)
  An orc (D:6)
1 creature vanquished.

Vanquished Creatures (others)
  63 foxfires
63 creatures vanquished.

Grand Total: 190 creatures vanquished

Notes
Turn   | Place    | Note
-------+----------+-------------------------------------------
     0 | D:1      | Hrothgar the Draconian Brigand began the quest for the Orb.
     0 | D:1      | Reached XP level 1. HP: 17/17 MP: 1/1
   127 | D:1      | Found Zuetyi's Book Boutique.
   151 | D:1      | Reached skill level 1 in Dodging
   160 | D:1      | Reached XP level 2. HP: 24/24 MP: 2/2
   247 | D:1      | Reached skill level 4 in Stealth
   490 | D:1      | Reached XP level 3. HP: 25/29 MP: 3/3
   579 | D:1      | Found a faded altar of an unknown god.
   594 | D:1      | Prayed at the altar of an unknown god.
   594 | D:1      | Became a worshipper of Vehumet
   594 | D:1      | Reached * piety under Vehumet
   594 | D:1      | Offered knowledge of Foxfire by Vehumet.
   603 | D:1      | Learned a level 1 spell: Foxfire
  1097 | D:2      | Reached XP level 4. HP: 18/37 MP: 4/4
  1757 | D:2      | Reached ** piety under Vehumet
  1834 | D:2      | You fall into a shaft and drop 2 floors!
  1839 | D:4      | Offered knowledge of Searing Ray by Vehumet.
  1883 | D:4      | Learned a level 2 spell: Searing Ray
  2060 | D:4      | Found a burning altar of Makhleb.
  2110 | D:3      | Found a shimmering blue altar of Sif Muna.
  2326 | D:3      | Found a stormy altar of Qazlal.
  2432 | D:3      | Reached skill level 1 in Spellcasting
  2432 | D:3      | Reached XP level 5. HP: 42/42 MP: 6/6
  2688 | D:3      | Offered knowledge of Static Discharge by Vehumet.
  2692 | D:3      | Reached skill level 1 in Fire Magic
  2707 | D:3      | Reached skill level 1 in Conjurations
  2941 | D:3      | Found a glowing silver altar of Zin.
  2997 | D:3      | Learned a level 2 spell: Static Discharge
  3530 | D:4      | Reached XP level 6. HP: 45/50 MP: 8/8
  4251 | D:5      | Entered Level 5 of the Dungeon
  4354 | D:5      | Reached skill level 5 in Stealth
  4391 | D:5      | Learned a level 2 spell: Corpse Rot
  4447 | D:5      | Found an ornate altar of the Wu Jian Council.
  4506 | D:5      | Reached *** piety under Vehumet
  4886 | D:5      | Your scales start taking on an icy white colour.
  4886 | D:5      | Reached XP level 7. HP: 53/57 MP: 3/10
  4886 | D:5      | Gained mutation: Your flesh is cold resistant. (rC+) [White
                  | Draconian growth]
  5244 | D:6      | Noticed a steam dragon
  5253 | D:6      | Killed a steam dragon
  5254 | D:6      | Reached skill level 1 in Axes
  5254 | D:6      | Reached skill level 1 in Necromancy
  5254 | D:6      | Reached skill level 1 in Air Magic
  5423 | D:6      | Learned a level 4 spell: Dispel Undead
  5489 | D:6      | Noticed Grinder
  5496 | D:6      | Paralysed by Grinder for 5 turns
  5506 | D:6      | Killed Grinder
  5575 | D:6      | Reached XP level 8. HP: 46/63 MP: 12/12
  5701 | D:6      | Found a glowing golden altar of the Shining One.
  5724 | D:6      | Found a snail-covered altar of Cheibriados.
  5747 | D:6      | Noticed Maggie
  5766 | D:6      | Killed Maggie
  5930 | D:6      | Found a shadowy altar of Dithmenos.
  5937 | D:6      | Offered knowledge of Iskenderun's Mystic Blast by Vehumet.
  6037 | D:6      | Noticed Pikel
  6058 | D:6      | Killed Pikel
  6492 | D:6      | Slain by an orc warrior

Illustrated notes

Levels and vault maps discovered:
D:1:      amcnicky_arrival_single_pillar, layout_loops_ring, serial_shops, shop,
          shapermc_ecumenical_altar_mp_highgroup
D:2:      layout_loops_ring
D:3:      layout_loops_corners, lemuel_round_altar,
          nicolae_qazlal_general_emergency, zin_academy
D:4:      layout_loops_ring, bloody_makhleb, serial_rivers,
          chequers_serial_rivers_large_b, chequers_serial_rivers_room_a,
          chequers_serial_rivers_room_a, chequers_serial_rivers_large_a,
          chequers_serial_rivers_room_a
D:5:      layout_loops_ring, mainiacjoe_overflow_six_doors_small,
          roderic_lattice_a, eino_curves_04
D:6:      layout_loops_corners, overflow_temple_1_default,
          nicolae_dithmenos_the_darkroom, mainiacjoe_overflow_24_doors,
          amethyst_overflow_temple_binary, temple_hall, uniq_maggie,
          uniq_grinder, uniq_pikel

Skill      XL: |  1  2  3  4  5  6  7  8 |
---------------+-------------------------+-----
Dodging        | 1 2 3 |  3.1
Stealth        | 4 5 |  5.7
Throwing       | 2 3 4 |  4.1
Spellcasting   | 1 2 3 |  3.3
Fire Magic     | 1 2 |  2.4
Conjurations   | 1 2 3 |  3.1
Fighting       | 3 4 |  4.0
Short Blades   | 3 4 |  4.0
Axes           | 1 3 |  3.1
Necromancy     | 1 2 |  2.2
Air Magic      | 1 2 |  2.2

Action                   |  1- 3 |  4- 6 |  7- 9 || total
-------------------------+-------+-------+-------++-------
Melee: Dagger            |    64 |    48 |       ||   112
       Tailslap          |     5 |     6 |     3 ||    14
       Broad axe         |       |     6 |    20 ||    26
       Punch             |       |     1 |     1 ||     2
Throw: Dart              |    24 |    47 |    23 ||    94
 Cast: Foxfire           |    11 |    22 |       ||    33
       Searing Ray       |       |    15 |     7 ||    22
       Static Discharge  |       |    19 |     9 ||    28
       Corpse Rot        |       |     1 |     1 ||     2
 Abil: Breathe Frost     |       |       |    13 ||    13
Evoke: Wand              |       |       |     2 ||     2
  Use: Scroll            |     4 |       |     3 ||     7
 Stab: Sleeping          |     7 |    11 |     3 ||    21
Armor: Skin              |    38 |    75 |    17 ||   130
Dodge: Dodged            |    58 |   123 |    32 ||   213
